 Dungeon Crawl Stone Soup version 0.31-a0-177-g4aa6249778 (webtiles) character file.

Game seed: 15506998691212481210

2946 qw the Cleaver (level 9, 0/57 HPs)
             Began as a Gargoyle Fighter on June 18, 2023.
             Slain by a gnoll sergeant
             ... wielding a +0 trident
              (5 damage)
             ... on level 7 of the Dungeon.
             The game lasted 00:03:06 (6869 turns).

qw the Cleaver (Gargoyle Fighter)                   Turns: 6869, Time: 00:03:07

Health: 0/57       AC: 15    Str: 23    XL:     9   Next: 80%
Magic:  8/8        EV:  8    Int: 10    God:
Gold:   469        SH:  4    Dex:  9    Spells: 8/8 levels left

rFire   . . .        Y - +1 war axe (flame)
rCold   . . .        c - +0 buckler
rNeg    + . .        f - +0 chain mail
rPois   inf          (no helmet)
rElec   +            (no cloak)
rCorr   .            (no gloves)
SInv    .            (no boots)
Will    +....        (no amulet) Stlth
                     a - ring of willpower
HPRegen 0.29/turn    (no ring)
MPRegen 0.11/turn

%: no passive effects
@: no status effects
A: sickness immunity, AC +6, negative energy resistance 1, electricity
resistance, torment resistance 1, petrification resistance, low MP 1, mutation
resistance 1
a: no special abilities


You were on level 7 of the Dungeon.
You visited 2 branches of the dungeon, and saw 8 of its levels.

You collected 469 gold pieces.


Innate Abilities, Weirdness & Mutations

You are immune to sickness and miasma.
Your stone body is resilient. (AC +6)
You are immune to poison.
You resist negative energy. (rN+)
You are resistant to electric shocks. (rElec)
You are resistant to unholy torment.
You are immune to petrification.
Your magical capacity is low. (-10% MP)
You are somewhat resistant to further mutation.


   Skills:
 - Level 7.1 Fighting
 + Level 9.9 Axes
 - Level 3.0 Throwing
 - Level 4.2 Armour
 - Level 1.5 Dodging
 - Level 4.3 Shields


You had 8 spell levels left.
You didn't know any spells.
Your spell library was empty.

Inventory:

Hand Weapons
 i - a +2 war axe
 Y - a +1 war axe of flaming (weapon)
Missiles
 g - 7 boomerangs (quivered)
Armour
 b - a +2 robe of resistance
 c - a +0 buckler (worn)
 f - a +0 chain mail (worn)
Jewellery
 a - a ring of willpower (left hand)
Scrolls
 e - 9 scrolls of identify
Potions
 d - a potion of might
 k - 2 potions of mutation
 m - 2 potions of haste

Dungeon Overview and Level Annotations

Branches:
Dungeon (7/15)             Temple (1/1) D:4

Altars:
Ashenzari
Cheibriados
Elyvilon
Fedhas
Hepliaklqana
Kikubaaqudgha
Makhleb
Nemelex Xobeh
Ru
Sif Muna
Trog
Uskayaw
Vehumet
Wu Jian
Zin
The Shining One

Portals:
Bailey: D:7

Annotations:
D:3 4 runed translucent doors, Crazy Yiuf; qw's ghost, amateur NaHu
D:5 2 transporters


Message History

The goblin throws a boomerang.
The boomerang hits you but does no damage.
The goblin throws a boomerang.
You block the boomerang. You block the gnoll sergeant's attack.
You throw a silver javelin.
The silver javelin barely misses the gnoll sergeant.
The gnoll sergeant completely misses you.
You throw a boomerang. The boomerang hits the gnoll sergeant!
The gnoll sergeant is moderately wounded.
You block the gnoll sergeant's attack.
You throw a boomerang.
The boomerang hits the gnoll sergeant and shatters, but does no damage.
The gnoll sergeant is moderately wounded.
The gnoll sergeant misses you.
The gnoll sergeant hits you but does no damage.
You throw a boomerang. The boomerang hits the gnoll sergeant.
The gnoll sergeant is heavily wounded.
The gnoll sergeant hits you but does no damage.
The goblin throws a boomerang.
You block the boomerang.
You throw a boomerang.
The boomerang hits the gnoll sergeant and shatters, but does no damage.
The gnoll sergeant is heavily wounded.
The gnoll sergeant hits you from afar with a +0 trident.
You throw a boomerang. The boomerang hits the gnoll sergeant.
The gnoll sergeant is heavily wounded.
The gnoll sergeant hits you but does no damage.
You throw a boomerang. The boomerang hits the gnoll sergeant!
The gnoll sergeant is almost dead.
The gnoll sergeant hits you from afar with a +0 trident.
You throw a boomerang.
The boomerang barely misses the gnoll sergeant.
The goblin throws a boomerang.
The boomerang closely misses you.
The gnoll sergeant hits you from afar with a +0 trident.
The goblin throws a boomerang.
The boomerang barely misses you.
The goblin throws a boomerang.
The boomerang barely misses you.
The gnoll sergeant hits you but does no damage.
You throw a boomerang.
The boomerang closely misses the gnoll sergeant.
The gnoll sergeant hits you from afar with a +0 trident.
You die...

#....# # #....# ####.#
#.# ######## #)#
####......# #.##
#.......#.# #..#
#.~~~~~)#.#### ##.##
#.~.gg~@.....#####..####
#.~.gg~......#.........#
#.~.>g~......#.........#
..~~~~~.................
(........)...#..........
.##.....)..............#
.............###.......#
###..........####.##[...
#.....>....#....##...#


You could see a gnoll sergeant and 4 goblins.

Vanquished Creatures
  Grinder (D:3)
  A water moccasin (D:6)
  2 ice beasts
  2 sky beasts (D:7)
  An orc warrior (D:7)
  A black bear (D:5)
  An ogre (D:6)
  2 centaurs
  2 phantoms (D:4)
  2 kobold brigands (D:6)
  A gnoll sergeant (D:6)
  4 bullfrogs
  2 scorpions
  9 wights
  4 orc priests
  A jelly (D:5)
  2 hounds
  5 iguanas
  4 orc wizards
  7 gnolls
  7 adders
  An ufetubus (D:5)
  3 worms
  3 dart slugs
  23 orcs
  4 bats
  9 endoplasms
  3 giant cockroaches
  5 goblins
  5 hobgoblins
  5 jackals
  3 quokkas (D:1)
  6 ball pythons
  2 frilled lizards (D:3)
  14 kobolds
  6 rats
153 creatures vanquished.

Notes
Turn   | Place    | Note
-------+----------+-------------------------------------------
     0 | D:1      | qw the Gargoyle Fighter began the quest for the Orb.
     0 | D:1      | Reached XP level 1. HP: 14/14 MP: 1/1
     0 | D:1      | 0 ||| qw: Version: 0.3-a-5-g6f28e65
     0 | D:1      | 0 ||| qw: Game counter: 653
     0 | D:1      | 0 ||| qw: Always use a shield: true
     0 | D:1      | 0 ||| qw: God list: Okawaru
     0 | D:1      | 0 ||| qw: Allow faded altars: false
     0 | D:1      | 0 ||| qw: Do Orc after D:15 true
     0 | D:1      | 0 ||| qw: Do second Lair branch before Depths: true
     0 | D:1      | 0 ||| qw: Lair rune preference: random
     0 | D:1      | 0 ||| qw: Plans: Normal, Zot:1-4, Slime:5, God:TSO, Crypt,
                  | Tomb, Abyss, Pan, Hells, Win
     0 | D:1      | 0 ||| PLANNING D:1-11
    57 | D:1      | 57 ||| Stepping ~*~*~tactically~*~*~ (hiding).
    66 | D:1      | Reached skill level 2 in Axes
    96 | D:1      | Reached XP level 2. HP: 17/19 MP: 2/2
   259 | D:1      | 259 ||| Stepping ~*~*~tactically~*~*~ (stealth).
   470 | D:1      | Reached skill level 3 in Axes
   496 | D:1      | Reached XP level 3. HP: 23/23 MP: 3/3
   847 | D:1      | 847 ||| READING scroll labelled PUTASTR YNIXU.
   848 | D:1      | 848 ||| READING scroll labelled HUGROTHR VEYDDE.
   849 | D:1      | 849 ||| READING scroll labelled MOBION MIHEMUCE.
   950 | D:1      | 950 ||| READING scroll labelled MEYSTA KAKK.
   951 | D:1      | 951 ||| READING scroll labelled XEISTAIDAERR.
   952 | D:1      | 952 ||| DRINKING 2 amethyst potions.
   953 | D:1      | 953 ||| DRINKING 2 lumpy inky potions.
   953 | D:1      | Gained mutation: You are somewhat resistant to further
                  | mutation. [potion of mutation]
   953 | D:1      | Gained mutation: Your magical capacity is low. (-10% MP)
                  | [potion of mutation]
   980 | D:2      | Found a bloodstained altar of Trog.
  1265 | D:2      | 1265 ||| DROPPING +0 club.
  1332 | D:2      | Reached skill level 1 in Throwing
  1753 | D:2      | Reached XP level 4. HP: 28/28 MP: 3/3
  1843 | D:2      | 1843 ||| UPGRADING to ring of willpower.
  1844 | D:2      | 1844 ||| READING scroll labelled DANIV RYPTOPS.
  1849 | D:2      | 1849 ||| READING scroll labelled WEINTEA VYRUGI.
  1850 | D:2      | 1850 ||| DRINKING 2 fizzy green potions.
  1851 | D:2      | 1851 ||| DRINKING 2 fizzy white potions.
  1852 | D:2      | 1852 ||| READING 3 scrolls of identify.
  1852 | D:2      | 1852 ||| IDENTIFYING puce potion
  1853 | D:2      | 1853 ||| DROPPING potion of brilliance.
  1881 | D:3      | Found a runed translucent gate.
  1882 | D:3      | Found a runed translucent gate.
  1882 | D:3      | Noticed qw's ghost (amateur NaHu)
  1883 | D:3      | Found a runed translucent gate.
  1946 | D:3      | 1946 ||| Stepping ~*~*~tactically~*~*~ (stealth).
  1958 | D:3      | Found a broken altar of Ashenzari.
  1961 | D:3      | 1961 ||| Stepping ~*~*~tactically~*~*~ (hiding).
  1962 | D:3      | 1962 ||| Stepping ~*~*~tactically~*~*~ (hiding).
  1963 | D:3      | 1963 ||| Stepping ~*~*~tactically~*~*~ (hiding).
  1974 | D:3      | Reached skill level 4 in Axes
  1992 | D:3      | 1992 ||| FLEEEEING.
  2028 | D:3      | 2028 ||| DROPPING +0 whip.
  2143 | D:3      | Found a blossoming altar of Fedhas.
  2175 | D:3      | 2175 ||| Stepping ~*~*~tactically~*~*~ (hiding).
  2293 | D:3      | Found a runed translucent door.
  2294 | D:3      | Noticed Crazy Yiuf
  2317 | D:3      | 2317 ||| Stepping ~*~*~tactically~*~*~ (stealth).
  2335 | D:3      | Found a white marble altar of Elyvilon.
  2399 | D:3      | Noticed Grinder
  2424 | D:3      | HP: 7/28 [Grinder (1)]
  2425 | D:3      | 2425 ||| DRINKING potion of heal wounds.
  2427 | D:3      | 2427 ||| Stepping ~*~*~tactically~*~*~ (hiding).
  2430 | D:3      | Killed Grinder
  2431 | D:3      | Reached skill level 5 in Axes
  2431 | D:3      | Reached XP level 5. HP: 28/32 MP: 4/4
  2431 | D:3      | Reached XP level 6. HP: 33/37 MP: 5/5
  2765 | D:3      | 2765 ||| READING scroll labelled GAIWKE IKITEIWN.
  2766 | D:3      | 2766 ||| READING scroll labelled HALLIKH VILE.
  2767 | D:3      | 2767 ||| READING scroll labelled SIMEZX KENIU.
  2831 | D:4      | Found an ornate altar of the Wu Jian Council.
  2945 | D:4      | Reached skill level 1 in Dodging
  2945 | D:4      | Reached XP level 7. HP: 38/43 MP: 6/6
  2995 | D:4      | Reached skill level 6 in Axes
  3038 | D:4      | 3038 ||| Stepping ~*~*~tactically~*~*~ (hiding).
  3157 | D:4      | Found a snail-covered altar of Cheibriados.
  3495 | D:4      | Found a staircase to the Ecumenical Temple.
  3496 | D:4      | 3496 ||| PLANNING TEMPLE
  3496 | D:4      | 3496 ||| UPGRADING to +0 chain mail.
  3506 | D:4      | 3506 ||| DROPPING +0 scale mail.
  3507 | D:4      | 3507 ||| READING scroll labelled QURIPAECSE.
  3516 | Temple   | Entered the Ecumenical Temple
  3615 | Temple   | 3615 ||| PLANNING D:1-11
  3765 | D:5      | Entered Level 5 of the Dungeon
  3768 | D:5      | 3768 ||| Stepping ~*~*~tactically~*~*~ (stealth).
  3768 | D:5      | Found a transporter.
  3783 | D:5      | 3783 ||| STAIRDANCE
  3823 | D:5      | 3823 ||| STAIRDANCE
  3845 | D:5      | 3845 ||| STAIRDANCE
  3871 | D:5      | 3871 ||| STAIRDANCE
  3936 | D:5      | 3936 ||| Stepping ~*~*~tactically~*~*~ (hiding).
  4101 | D:5      | Found a shimmering blue altar of Sif Muna.
  4375 | D:5      | 4375 ||| Stepping ~*~*~tactically~*~*~ (hiding).
  4382 | D:5      | Reached skill level 7 in Axes
  4382 | D:5      | Reached XP level 8. HP: 48/48 MP: 7/7
  4674 | D:5      | Found a transporter.
  4855 | D:6      | 4855 ||| READING scroll of brand weapon.
  4855 | D:6      | 4855 ||| BRANDING +1 war axe of venom.
  4856 | D:6      | 4856 ||| DROPPING +0 flail.
  4876 | D:6      | Noticed a +0 short sword
  4876 | D:6      | Noticed a +0 dagger
  4877 | D:6      | Noticed a +0 falchion
  4877 | D:6      | Noticed a +0 short sword
  4878 | D:6      | Noticed a +0 spear
  4879 | D:6      | Noticed a +0 spear
  4880 | D:6      | Noticed a +0 falchion
  4881 | D:6      | Found a hide-covered altar of Uskayaw.
  4881 | D:6      | Noticed a +0 dagger
  4964 | D:6      | 4964 ||| Stepping ~*~*~tactically~*~*~ (hiding).
  4967 | D:6      | 4967 ||| Stepping ~*~*~tactically~*~*~ (stealth).
  4969 | D:6      | 4969 ||| Stepping ~*~*~tactically~*~*~ (stealth).
  4988 | D:6      | Reached skill level 8 in Axes
  5042 | D:6      | 5042 ||| Stepping ~*~*~tactically~*~*~ (stealth).
  5049 | D:6      | 5049 ||| Stepping ~*~*~tactically~*~*~ (stealth).
  5059 | D:6      | Reached skill level 6 in Fighting
  5412 | D:6      | 5412 ||| Stepping ~*~*~tactically~*~*~ (stealth).
  5425 | D:6      | Reached XP level 9. HP: 47/55 MP: 8/8
  5468 | D:6      | Reached skill level 9 in Axes
  5647 | D:6      | Reached skill level 3 in Throwing
  5993 | D:6      | 5993 ||| Stepping ~*~*~tactically~*~*~ (hiding).
  6289 | D:6      | 6289 ||| READING scroll labelled YSUIRA XUIGGI.
  6349 | D:7      | 6349 ||| STAIRDANCE
  6397 | D:7      | 6397 ||| STAIRDANCE
  6399 | D:6      | 6399 ||| DRINKING potion of curing.
  6399 | D:6      | 6399 ||| (to cure confusion)
  6810 | D:7      | Found a hazy altar of Hepliaklqana.
  6838 | D:7      | Found a flagged portal.
  6858 | D:7      | HP: 12/57 [gnoll sergeant/+0 trident (9)]
  6865 | D:7      | HP: 8/57 [gnoll sergeant/+0 trident (2)]
  6869 | D:7      | Slain by a gnoll sergeant

Levels and vault maps discovered:
D:1:      dpeg_arrival_short_road, layout_basic, minmay_misc_feat_ornament,
          minmay_tetromino_s2
D:2:      layout_basic, serial_rivers, chequers_serial_rivers_small_b,
          chequers_serial_rivers_micro_d, chequers_serial_rivers_small_b,
          chequers_serial_rivers_marsh, chequers_serial_rivers_marsh,
          basic_altar
D:3:      layout_loops_ring, evilmike_ruin_ashenzari, fedhas_ov_isle_minmay,
          lemuel_doored_altar, biasface_ghost_orc_armoury, uniq_grinder,
          uniq_crazy_yiuf_cottage
D:4:      layout_gridville, pdpol_wu_jian_five_deadly_venoms, slow_altar_1,
          minmay_temple_entry_mist
D:5:      gammafunk_wand_slinger, layout_rooms,
          mainiacjoe_overflow_small_starburst, glass_columns_a,
          kennysheep_doodads
D:6:      layout_layer_cave, nicolae_uskayaw_en_pointe
D:7:      layout_rooms, nzn_hepliaklqana_mist_gate, kennysheep_okawaru_gauntlet,
          enter_bailey_5
Temple:   hellmonk_temple_beads

Skill      XL: |  1  2  3  4  5  6  7  8  9 |
---------------+----------------------------+-----
Axes           | 2 3 5 7 8 9 |  9.9
Throwing       | 1 2 3 |  3.0
Fighting       | 4 6 7 |  7.1
Dodging        | 1 |  1.5
Shields        | 4 |  4.3
Armour         | 4 |  4.2

Action                     |  1- 3 |  4- 6 |  7- 9 || total
---------------------------+-------+-------+-------++-------
  Melee: War axe           |   116 |    63 |   253 ||   432
  Throw: Javelin           |     7 |    18 |    68 ||    93
         Boomerang         |       |       |    14 ||    14
    Use: Scroll            |     5 |     6 |     3 ||    14
         Potion            |     2 |     3 |     1 ||     6
 Armour: Scale mail        |    50 |    14 |    18 ||    82
         Chain mail        |       |       |   160 ||   160
  Dodge: Dodged            |    64 |    20 |   123 ||   207
  Block: Buckler           |    27 |    12 |    60 ||    99

Table legend:
 A = Non-vault XP
 B = Vault XP
 C = Vault XP percentage of total XP
 D = Non-vault monster count
 E = Vault monster count
 F = Vault count percentage of total count
                 A         B        C        D         E       F
            +---------+---------+-------+---------+---------+-------
      Total |    3933 |     276 |   6.6 |     149 |       4 |   2.6
            +---------+---------+-------+---------+---------+-------
        D:1 |      47 |       4 |   7.8 |      27 |       2 |   6.9
        D:2 |      43 |       0 |   0.0 |       9 |       0 |   0.0
        D:3 |      70 |     267 |  79.2 |      14 |       1 |   6.7
        D:4 |     364 |       5 |   1.4 |      16 |       1 |   5.9
        D:5 |     724 |       0 |   0.0 |      25 |       0 |   0.0
        D:6 |    1768 |       0 |   0.0 |      40 |       0 |   0.0
        D:7 |     917 |       0 |   0.0 |      18 |       0 |   0.0
            +---------+---------+-------+---------+---------+-------
